[Event "Early-Titled-Tuesday-Blitz-June-18-2024"]
[Site "Chess.com"]
[Date "2024.06.18"]
[Round "10"]
[White "VerdeNotte"]
[Black "LastGladiator1"]
[Result "1-0"]
[WhiteElo "2876"]
[BlackElo "2971"]
[TimeControl "180+1"]
[EndTime "9:58:00 PDT"]
[Termination "VerdeNotte won by resignation"]

1. Nf3 d5 2. g3 Nf6 3. Bg2 Nbd7 4. d4 Nb6 5. O-O Bf5 6. a4 a5 7. Nc3 e6 8. Bg5 Be7 9. Nh4 O-O 10. Re1 h6 11.
Nxf5 exf5 12. Bxf6 Bxf6 13. e3 c6 14. Ne2 Qe7 15.
Nf4 g6 16. b3 Rfd8 17. Rc1 Rac8 18. Nd3 Nd7 19. Qd2 b6 20. c4 dxc4 21. Rxc4 c5 22. Qc2 Rb8 23. dxc5 Nxc5 24. Nxc5 bxc5 25. Rc1 Rd7 26.
Rxc5 Rbd8 27. Bf3 Bg5 28. Qc3 Rd3 29. Qe5 Rxe3 30. fxe3 Bxe3+ 31. Kf1 Qxe5 32. Rxe5 Bxc1 33. Rxa5 Rd3 34. Bd5 Bd2 35. Ke2 Rd4 36. Ra8+ Kg7 37. Bc4 Bc3 38. Ra7 Rd2+ 39. Ke3 Kf6 40. Rxf7+ Kg5 41.
Re7 Rxh2 42. Kd3 Be1 43. Rxe1 Rg2 44. Re3 Kg4 45. a5 h5 46. b4 Rb2 47. Kc3 Rb1 48.
Ba2 Ra1 49. Kb2 Rg1 50. a6 h4 51. gxh4 1-0

[Event "Early-Titled-Tuesday-Blitz-June-18-2024"]
[Site "Chess.com"]
[Date "2024.06.18"]
[Round "10"]
[White "Ordekalog"]
[Black "pinelone"]
[Result "1-0"]
[WhiteElo "2625"]
[BlackElo "2475"]
[TimeControl "180+1"]
[EndTime "9:58:00 PDT"]
[Termination "Ordekalog won by resignation"]

1. e4 c6 2. d4 d5 3. Nc3 dxe4 4. Nxe4 Nf6 5. Bd3 Qxd4 6. Nf3 Qd8 7. Qe2 Nxe4 8. Qxe4 Nd7 9. Be3 Nf6 10. Qh4 Qa5+ 11. Bd2 Qh5 12. Qg3 Qg4 13. Qc7 Qxg2 14. Ba5 Bd7 15.
Qxb7 Rc8 16. O-O-O Qxf3 17. Ba6 Qf4+ 18. Rd2 Qb8 19.
Rxd7 Nxd7 20. Qxc8+ Qxc8 21. Bxc8 e6 22. Rd1 Nb6 23. Bb7 Bc5 24. Bxc6+ Ke7 25. f3 Rc8 26. Bb7 Rc7 27. Ba6 Be3+ 28. Kb1 Nd5 29. Bxc7 Nxc7 30. Bc4 f5 31. Rd3 f4 32. a4 e5 33. b4 g5 34. h3 h5 35. b5 g4 36. fxg4 hxg4 37.
hxg4 Bd4 38. c3 Bc5 39. Bd5 Nxd5 40. Rxd5 Be3 41. Rxe5+ Kf6 42. Rxe3 fxe3 43. Kc2 Ke5 44. Kd3 Kf4 45. Ke2 Ke4 46. a5 Kd5 47. g5 Kc5 48. g6 Kxb5 49. g7 Kxa5 50. g8=Q Kb5 51. Qd5+ 1-0

[Event "Early-Titled-Tuesday-Blitz-June-18-2024"]
[Site "Chess.com"]
[Date "2024.06.18"]
[Round "10"]
[White "mangochessgo"]
[Black "Witik"]
[Result "0-1"]
[WhiteElo "2672"]
[BlackElo "2814"]
[TimeControl "180+1"]
[EndTime "9:58:02 PDT"]
[Termination "Witik won by resignation"]

1. d4 Nf6 2. Nf3 g6 3. Bg5 Bg7 4. Nbd2 d5 5. c3 O-O 6. e3 Nbd7 7. Bd3 c5 8. O-O Re8 9. h3 e5 10. dxe5 Nxe5 11. Nxe5 Rxe5 12. Nf3 Re8 13. Bf4 Qb6 14. Qb3 Be6 15. Rfd1 Qxb3 16. axb3 Ne4 17. Ng5 Nxg5 18. Bxg5 a6 19. Be2 d4 20. cxd4 Bxb3 21. Rd2 cxd4 22. exd4 h6 23. Be3 Red8 24. Rc1 Bd5 25. Rdc2 Bf8 26.
g4 Bc6 27. Bc4 Bg7 28. b4 g5 29. Rd2 Bd5 30. Bf1 Rac8 31. Rc5 Bf8 32. Rxc8 Rxc8 33.
b5 axb5 34. Rb2 b4 35. f4 f6 36. Bg2 Bxg2 37. Kxg2 Rc3 38. Kf3 b3 39. Ke4 Ba3 40.
Rb1 b2 41. fxg5 hxg5 42. d5 Rc1 43. Bxc1 bxc1=Q 44. Rxc1 Bxc1 45. Kf5 Kf7 46. d6 Ba3 47. d7 Be7 48. Ke4 Ke6 0-1

[Event "Early-Titled-Tuesday-Blitz-June-18-2024"]
[Site "Chess.com"]
[Date "2024.06.18"]
[Round "10"]
[White "Naruto75_3"]
[Black "jk13"]
[Result "1-0"]
[WhiteElo "2539"]
[BlackElo "2688"]
[TimeControl "180+1"]
[EndTime "9:58:02 PDT"]
[Termination "Naruto75_3 won on time"]

1. d4 Nf6 2. c4 e6 3. Nc3 Bb4 4. Qc2 h6 5. a3 Bxc3+ 6. Qxc3 O-O 7. Nf3 b6 8. e3 Bb7 9. Bd3 c5 10. b3 Be4 11. Bb2 d6 12. Nd2 Bxd3 13. Qxd3 Qe7 14. O-O Rd8 15. Rad1 Nc6 16. f4 cxd4 17. exd4 d5 18.
Nf3 Rac8 19. Rfe1 Qc7 20. Ne5 Nxe5 21. fxe5 Ne4 22. Bc1 Qe7 23. Re3 Rf8 24. Rf1 f5 25.
Rh3 dxc4 26. bxc4 Qc7 27. Qf3 Qxc4 28. Be3 Rf7 29. g4 Qd3 30. Rd1 Qxa3 31. gxf5 Ng5 32. Bxg5 Qxf3 33. Rxf3 hxg5 34. d5 Rxf5 35. Rxf5 exf5 36.
e6 Kf8 37. d6 Rb8 38. Rc1 b5 39. Rc7 b4 40. e7+ Ke8 41. d7+ Kxe7 42. Rc8 Kxd7 43. Rxb8 a5 44. Rb5 Ke6 45. Rxa5 g4 46. Rb5 Kf6 47.
Rxb4 Kg5 48. Kg2 Kh4 49. Rb5 g6 50. Rb6 Kg5 51. Rb5 Kh4 52. Rb8 f4 53. Rb4 Kg5 54. h3 1-0

[Event "Early-Titled-Tuesday-Blitz-June-18-2024"]
[Site "Chess.com"]
[Date "2024.06.18"]
[Round "10"]
[White "Boundless_Strike"]
[Black "NovoselovRoman"]
[Result "1-0"]
[WhiteElo "2671"]
[BlackElo "2553"]
[TimeControl "180+1"]
[EndTime "9:58:03 PDT"]
[Termination "Boundless_Strike won on time"]

1. d4 d5 2. e4 dxe4 3. Nc3 Nf6 4. f3 exf3 5. Nxf3 c6 6. Bc4 Bf5 7. O-O e6 8. Ng5 Bg6 9. Bxe6 fxe6 10. Nxe6 Qd7 11.
Bg5 Bf7 12. Nxf8 Rxf8 13. Bxf6 gxf6 14. Ne4 Bg6 15. Nxf6+ Rxf6 16. Rxf6 Qe7 17. Qf1 Nd7 18. Rxg6 O-O-O 19. Rg3 Qb4 20. c3 Qxb2 21. Rb1 Qxa2 22. Ra1 Qb2 23. Rxa7 Kb8 24. Ra1 Rf8 25. Qe1 Rf2 26.
Rg8+ Kc7 27. Rg7 Re2 28. Qc1 Qxc1+ 29. Rxc1 Kd6 30. Rxh7 b5 31. Rf7 Nb6 32. h4 Nd5 33. h5 Re6 34. Rf3 Nf6 35. h6 Ng4 36. h7 Re8 37.
Rcf1 Rh8 38. Rf7 Kd5 39. Rg7 Ne3 40. Rf3 Nd1 41. Rh3 Kc4 42. Rg8 Rxh7 43. Rxh7 Nxc3 44. Rc8 b4 45. Rxc6+ Kd3 46. Rh3+ Kd2 47. Rhxc3 bxc3 48. d5 c2 49. d6 c1=Q+ 50. Rxc1 Kxc1 51. d7 1-0

[Event "Early-Titled-Tuesday-Blitz-June-18-2024"]
[Site "Chess.com"]
[Date "2024.06.18"]
[Round "10"]
[White "MarlonJodar"]
[Black "FMalexhdez"]
[Result "1-0"]
[WhiteElo "2352"]
[BlackElo "2279"]
[TimeControl "180+1"]
[EndTime "9:58:03 PDT"]
[Termination "MarlonJodar won by checkmate"]

1. e4 c5 2. Nf3 d6 3. d4 cxd4 4. Nxd4 Nf6 5. Nc3 a6 6. Bg5 e6 7. f4 Be7 8. Qf3 Qc7 9. O-O-O b5 10. g4 Bb7 11. Bxf6 Bxf6 12. g5 Be7 13. f5 e5 14. Nb3 Nd7 15. Rg1 Rc8 16. f6 gxf6 17.
gxf6 Nxf6 18. Bh3 b4 19. Bxc8 bxc3 20. Bxb7 cxb2+ 21. Kb1 Qxb7 22. Rde1 Kd7 23. Rg7 Rf8 24. Qd3 Qc6 25. Na5 Qb5 26. Qxb5+ axb5 27. Kxb2 Ke6 28.
Nc6 Bd8 29. Nxd8+ Rxd8 30. Kb3 Rc8 31. Rg2 Rc4 32. Rge2 Nd7 33. Re3 Nc5+ 34. Kb2 f6 35. c3 d5 36. exd5+ Kxd5 37. Rd1+ Ke6 38. Rh3 e4 39. Rxh7 Na4+ 40. Ka1 Nxc3 41. Re1 Ra4 42. Kb2 b4 43. Rb7 Rxa2+ 44. Kb3 f5 45. Rxb4 Rxh2 46. Kxc3 Ke5 47. Rb5+ Ke6 48. Rf1 Rh3+ 49. Kc4 Rh5 50. Kd4 Kf6 51. Rb6+ Kg5 52. Ke5 Kg4 53. Rg6+ Kh3 54. Rh1# 1-0

[Event "Early-Titled-Tuesday-Blitz-June-18-2024"]
[Site "Chess.com"]
[Date "2024.06.18"]
[Round "10"]
[White "zimmm36"]
[Black "Durarbayli"]
[Result "1/2-1/2"]
[WhiteElo "2806"]
[BlackElo "2956"]
[TimeControl "180+1"]
[EndTime "9:58:04 PDT"]
[Termination "Game drawn by repetition"]

1. d4 d5 2. c4 c6 3. cxd5 cxd5 4. Bg5 f6 5. Bd2 Nc6 6. Nc3 e5 7. e4 Nxd4 8. exd5 Bf5 9. Rc1 Bd6 10. Nf3 Nxf3+ 11.
Qxf3 Ne7 12. Bb5+ Kf7 13. O-O h5 14. Ne4 a6 15. Nxd6+ Qxd6 16. Bc4 Rac8 17. Bb3 Bg4 18. Qd3 Rhd8 19. Ba5 b6 20. Bd2 b5 21. a3 Rxc1 22.
Rxc1 Nxd5 23. Bb4 Qd7 24. Rd1 Bxd1 25. Qxd1 g6 26. Ba5 Ke6 27. Bxd8 Qxd8 28. Qc2 Qd7 29. Qxg6 Kd6 30. Qxh5 Nf4 31. Qd1+ Kc7 32. Qxd7+ Kxd7 33. h4 Ke7 34. g3 Nd3 35. Kf1 Nxb2 36. Ke2 e4 37.
Ke3 f5 38. h5 Kf6 39. h6 Kg6 40. Be6 Kxh6 41. Bxf5 Nc4+ 42. Kxe4 Nxa3 43. Be6 Nc2 44. f4 a5 45. g4 a4 46. g5+ Kg6 47. Ke5 Ne3 48.
Ke4 Nc4 49. Bxc4 bxc4 50. Kd4 a3 51. Kc3 Kf5 52. Kc2 Kg6 53. Kc3 Kf5 54. Kc2 Kg6 55. Kc3 1/2-1/2

[Event "Early-Titled-Tuesday-Blitz-June-18-2024"]
[Site "Chess.com"]
[Date "2024.06.18"]
[Round "10"]
[White "Brown_Bear_MGL"]
[Black "djano"]
[Result "1/2-1/2"]
[WhiteElo "2516"]
[BlackElo "2638"]
[TimeControl "180+1"]
[EndTime "9:58:04 PDT"]
[Termination "Game drawn by repetition"]

1. b3 c5 2. Bb2 Nc6 3. e3 e5 4. c4 Nf6 5. d3 d5 6. cxd5 Nxd5 7. a3 Be7 8. Nf3 O-O 9. Nxe5 Nxe5 10. Bxe5 Re8 11.
Be2 Bf6 12. Bxf6 Qxf6 13. Ra2 Nxe3 14. fxe3 Rxe3 15. Qd2 Re5 16. Nc3 Qh4+ 17. g3 Qd4 18. Rc2 Bh3 19. Qf4 Qd6 20. Ne4 Qd4 21. Kd2 Rae8 22. Bf3 Rd5 23. Nf6+ gxf6 24. Bxd5 Qxd5 25. Rd1 b6 26. Kc1 Qxb3 27. Qxf6 Qxa3+ 28. Kb1 Be6 29. Qb2 Qa4 30. Re1 Rd8 31. Rd2 c4 32. Re4 b5 33.
Re5 c3 34. Qxc3 Rc8 35. Rg5+ Kf8 36. Qb2 Ke7 37. Re5 b4 38. Rxe6+ fxe6 39. Qg7+ Kd6 40. Qd4+ Ke7 41. Qg7+ Ke8 42. Qg8+ Kd7 43. Qf7+ Kd6 44.
Qf4+ e5 45. Qf6+ Kd5 46. Qf7+ Kd4 47. Qf2+ Kd5 48. Qf3+ Kd6 49. Qf6+ Kd7 50. Qf7+ Kd6 51. Qf6+ 1/2-1/2

[Event "Early-Titled-Tuesday-Blitz-June-18-2024"]
[Site "Chess.com"]
[Date "2024.06.18"]
[Round "10"]
[White "sansanathalia"]
[Black "ejalmedina"]
[Result "1/2-1/2"]
[WhiteElo "2450"]
[BlackElo "2329"]
[TimeControl "180+1"]
[EndTime "9:58:05 PDT"]
[Termination "Game drawn by repetition"]

1. e4 e5 2. Nf3 Nc6 3. Bb5 a6 4. Ba4 Nf6 5. d4 exd4 6. O-O Be7 7. e5 Ne4 8. Nxd4 Nxd4 9. Qxd4 Nc5 10. Bb3 Nxb3 11.
axb3 O-O 12. Nc3 d6 13. exd6 Bxd6 14. Rd1 Be6 15. Be3 Qf6 16. Qxf6 gxf6 17. Ne4 Be5 18. Bd4 Rad8 19. Bc3 Kg7 20. f4 Bxc3 21. bxc3 Bf5 22. Nc5 Bxc2 23. Rdc1 Bf5 24. Nxb7 Rd2 25. Nc5 Re8 26. Rd1 Rxd1+ 27. Rxd1 Re3 28. Rc1 Re2 29. h3 h5 30. Ra1 Rc2 31. c4 Bc8 32. Nxa6 Bb7 33.
Nb4 Rxg2+ 34. Kf1 Rb2 35. Ra3 Bg2+ 36. Kg1 Bxh3 37. Nd5 c6 38. Nb4 Bf5 39. Nxc6 Be4 40. Nd4 f5 41. b4 Rg2+ 42. Kf1 Rb2 43. Rh3 Rxb4 44. Rxh5 Rxc4 45. Nxf5+ Bxf5 46. Rxf5 Kg6 47. Rg5+ Kf6 48. Ra5 Rxf4+ 49. Kg2 Rc4 50. Kf3 Rb4 51. Rc5 Kg6 52. Rd5 f5 53. Rd8 Kg5 54. Rg8+ Kf6 55. Rf8+ Kg5 56. Rg8+ Kf6 57. Rf8+ Kg5 58. Rg8+ 1/2-1/2

[Event "Early-Titled-Tuesday-Blitz-June-18-2024"]
[Site "Chess.com"]
[Date "2024.06.18"]
[Round "10"]
[White "kyuotbi"]
[Black "DeArron_Fox"]
[Result "1-0"]
[WhiteElo "2348"]
[BlackElo "2459"]
[TimeControl "180+1"]
[EndTime "9:58:06 PDT"]
[Termination "kyuotbi won by checkmate"]

1. e4 c5 2. Nf3 e6 3. d4 cxd4 4.
Nxd4 a6 5. Bd3 Bc5 6. Nb3 Ba7 7. O-O Ne7 8. Qg4 O-O 9. Nc3 Nbc6 10. Qg3 f5 11. Bf4 fxe4 12. Nxe4 Nf5 13. Qh3 d5 14. Nd6 Nce7 15. Nxc8 Rxc8 16. Rae1 Qd7 17. Be5 Ng6 18. Kh1 Nxe5 19. Rxe5 Bb8 20. Re2 g6 21. f4 e5 22.
fxe5 Ng3+ 23. hxg3 Rxf1+ 24. Kh2 Qxh3+ 25. gxh3 Re8 26. e6 Rf6 27. Nc5 Ba7 28. Nd7 Rfxe6 29. Nf6+ Rxf6 30.
Rxe8+ Kf7 31. Ra8 Bc5 32. Rb8 Rb6 33. b3 Bd6 34. Rd8 Ke7 35. Rh8 Kf6 36. Rxh7 Be5 37.
Kg2 a5 38. Rh6 Kg7 39. Rh4 Bf6 40. Rg4 Be5 41. Rg5 Bc3 42. Rxd5 Re6 43. Rd7+ Kh6 44. Rxb7 Rf6 45. h4 Be1 46. Rb5 Rf2+ 47. Kh3 Rf3 48. Rg5 Bd2 49. Rxg6+ Kh5 50. Rg7 Kh6 51. Rh7# 1-0

[Event "Early-Titled-Tuesday-Blitz-June-18-2024"]
[Site "Chess.com"]
[Date "2024.06.18"]
[Round "10"]
[White "FishThatRoared"]
[Black "InitiatingASC"]
[Result "0-1"]
[WhiteElo "2258"]
[BlackElo "2420"]
[TimeControl "180+1"]
[EndTime "9:58:06 PDT"]
[Termination "InitiatingASC won on time"]

1. e4 e5 2. Nf3 Nf6 3. Nxe5 d6 4. Nf3 Nxe4 5. Qe2 Qe7 6. d3 Nf6 7. Bg5 Qxe2+ 8. Bxe2 Be7 9. O-O O-O 10. Re1 Re8 11.
Bf1 Be6 12. Nd4 Bd8 13. Nc3 Nc6 14. Nxe6 fxe6 15. a3 Nd4 16. Rac1 Ng4 17. Be3 Nxe3 18. fxe3 Nc6 19. d4 Bg5 20. Ne4 Bh6 21. c3 Ne7 22. Ng3 Nd5 23. Rc2 Nxe3 24. Rce2 Nxf1 25. Nxf1 Kf7 26. Ng3 Re7 27. Rf1+ Ke8 28. Rfe1 Kd7 29.
Nf5 Rae8 30. Nxe7 Rxe7 31. g3 Bg5 32. Kg2 Bf6 33. Rf1 e5 34. dxe5 Bxe5 35. Ref2 Kc6 36.
Rf7 Rxf7 37. Rxf7 a5 38. Kf3 b5 39. Ke4 Kb6 40. Kd5 c6+ 41. Ke6 Kc5 42. Rf8 Kc4 43. Rc8 c5 44. Kd7 Kb3 45. Kc6 b4 46. axb4 axb4 47.
cxb4 Kxb4 48. Rb8+ Kc4 49. Kd7 Kd3 50. b3 Kc3 51.
Ke6 h6 52. Kd5 Kd3 53. Rb7 Ke3 54. Ke6 Kf3 55. b4 cxb4 56. Rxb4 Kg2 57. Rg4 Kxh2 58. Rg6 Kh3 59. Kf5 Bf6 60. g4 d5 0-1

[Event "Early-Titled-Tuesday-Blitz-June-18-2024"]
[Site "Chess.com"]
[Date "2024.06.18"]
[Round "10"]
[White "Kgli1m"]
[Black "Roland_Garros_2024"]
[Result "0-1"]
[WhiteElo "2094"]
[BlackElo "2200"]
[TimeControl "180+1"]
[EndTime "9:58:06 PDT"]
[Termination "Roland_Garros_2024 won by resignation"]

1. d4 Nf6 2. Bf4 e6 3. Nd2 b6 4. e3 Bb7 5. Ngf3 Be7 6. Be2 Nh5 7. O-O Nxf4 8. exf4 d6 9. c3 Nd7 10. Re1 Bf6 11. g3 O-O 12. Bb5 a6 13. Ba4 b5 14.
Bc2 c5 15. Nb3 Qc7 16. Qe2 g6 17. Rac1 Bg7 18. Be4 Bxe4 19. Qxe4 c4 20. Nbd2 d5 21. Qe2 a5 22. h4 b4 23. Ne5 Nf6 24. g4 h5 25. g5 Ne8 26. Ndf3 Nd6 27. Qc2 Nf5 28. Kg2 Rfe8 29. Kh3 Rab8 30. Rg1 b3 31. axb3 Rxb3 32. Ra1 Reb8 33. Ra2 Qb7 34. Rb1 Qb5 35. Nd2 a4 36. Ra3 Nxd4 37. Qc1 Rxb2 38. cxd4 Rxb1 39. Qxb1 Qxb1 40.
Nxb1 Rxb1 41. Rxa4 c3 42. Ra8+ Kh7 43. Nxf7 c2 44.
Rc8 c1=Q 45. Rxc1 Rxc1 46. Nd8 Bxd4 47. Nxe6 Bg7 48. Kg3 Rc3+ 49. Kg2 d4 50. Kf1 d3 51. Ke1 Rc2 52. f3 Re2+ 53. Kd1 Rxe6 0-1

[Event "Early-Titled-Tuesday-Blitz-June-18-2024"]
[Site "Chess.com"]
[Date "2024.06.18"]
[Round "10"]
[White "Shield12"]
[Black "Zhigalko_Sergei"]
[Result "1-0"]
[WhiteElo "2909"]
[BlackElo "2988"]
[TimeControl "180+1"]
[EndTime "9:58:07 PDT"]
[Termination "Shield12 won on time"]

1. e4 c5 2. Nf3 Nc6 3. Bb5 Nf6 4. Bxc6 dxc6 5. d3 Bg4 6. h3 Bh5 7. b3 Nd7 8. g4 Bg6 9. Bb2 Qc7 10. Nbd2 e5 11. Nc4 f6 12. g5 Bh5 13. Rg1 O-O-O 14.
Qe2 Be7 15. gxf6 gxf6 16. O-O-O Nf8 17. Qe3 Ne6 18. Rde1 b5 19. Ncd2 Bf8 20. Nh4 Qa5 21. Kb1 c4 22. bxc4 Bc5 23. Qh6 Bxf2 24. Nb3 Qb6 25. Qxf6 Rhe8 26. c5 Bxc5 27. Nxc5 Qxc5 28. Qxe5 Qxe5 29. Bxe5 Nc5 30. Bh2 Nb7 31. Rg7 Rd7 32. Reg1 Bf7 33. Kb2 c5 34. Rxh7 c4 35. Rgg7 cxd3 36.
Rxf7 Rxf7 37. Rxf7 d2 38. Rf1 Nc5 39. Nf5 Nxe4 40. Rd1 Rd8 41. Bf4 b4 42. Ng3 Nc3 43. Rxd2 Re8 44. Rd4 a5 45. a3 Na4+ 46. Kb3 Nc5+ 47.
Kc4 bxa3 48. Kxc5 a2 49. Ra4 Re4 50. Nxe4 a1=Q 51. Nd6+ Kd7 52. Rxa1 1-0

[Event "Early-Titled-Tuesday-Blitz-June-18-2024"]
[Site "Chess.com"]
[Date "2024.06.18"]
[Round "10"]
[White "c63_amg"]
[Black "Yan_Dyomin2010"]
[Result "1-0"]
[WhiteElo "2814"]
[BlackElo "2670"]
[TimeControl "180+1"]
[EndTime "9:58:07 PDT"]
[Termination "c63_amg won by resignation"]

1. e4 c5 2. Nf3 Nc6 3. Bb5 Nf6 4. Bxc6 dxc6 5. d3 Bg4 6. Nbd2 Nd7 7. h3 Bh5 8. Qe2 e5 9. a4 f6 10. a5 Be7 11. Nc4 Nf8 12. g4 Bf7 13. Nh4 Ne6 14. Nf5 Bf8 15. Be3 g6 16. Nh6 Bxh6 17. Bxh6 Nd4 18. Qd1 Bxc4 19. dxc4 g5 20. h4 Ne6 21.
Qf3 Qe7 22. hxg5 fxg5 23. O-O-O Nf4 24. Qb3 Rd8 25. Rxd8+ Kxd8 26. Bxg5 Qxg5 27. Qxb7 Ng6+ 28. Kb1 Qe7 29. Rd1+ Ke8 30. Qc8+ Kf7 31. Qf5+ Qf6 32.
Qd7+ Ne7 33. Rd6 Qg5 34. Qe6+ Kg7 35. Rd7 Re8 36. Rxa7 Kf8 37. a6 Qf4 38. Rb7 Qxf2 39. a7 Qe1+ 40. Ka2 Qa5+ 41. Kb3 Qa6 42. Qf6+ Kg8 43.
Qe6+ Kf8 44. Qf6+ Kg8 45. Rxe7 Qb6+ 46. Kc3 Qb4+ 47. Kd3 Rd8+ 48. Ke3 Qd2+ 49. Kf3 Qd1+ 50. Kg3 Qg1+ 51. Kh4 Qh2+ 52. Kg5 Qd2+ 53. Kf5 Qf2+ 54. Ke6 Qd4 55. Qf7+ 1-0

[Event "Early-Titled-Tuesday-Blitz-June-18-2024"]
[Site "Chess.com"]
[Date "2024.06.18"]
[Round "10"]
[White "pouya21"]
[Black "tetrix83"]
[Result "1-0"]
[WhiteElo "2847"]
[BlackElo "2674"]
[TimeControl "180+1"]
[EndTime "9:58:07 PDT"]
[Termination "pouya21 won on time"]

1. d4 Nf6 2. c4 g6 3. Nc3 Bg7 4. e4 O-O 5. Nf3 d6 6. Be2 e5 7. O-O Na6 8. Be3 c6 9. Re1 Qe7 10. d5 Ng4 11. Bg5 f6 12. Bh4 c5 13. Nd2 Nh6 14.
a3 Bd7 15. Rb1 Nf7 16. b4 b6 17. Nb5 Bh6 18. Rb2 Bg5 19. Bg3 f5 20. exf5 gxf5 21. Bd3 Qf6 22. Bb1 Kh8 23. Qh5 Rae8 24. Nf3 Bh6 25.
Rbe2 Qg6 26. Qxg6 hxg6 27. Nxd6 Nxd6 28. Nxe5 f4 29. Nxd7 Rxe2 30. Rxe2 Rd8 31. bxc5 bxc5 32. Ne5 fxg3 33. hxg3 Kg7 34. Bxg6 Bc1 35. Bd3 Rb8 36.
Nc6 Re8 37. Rc2 Bg5 38. f4 Bf6 39. Kf2 Nc7 40. Re2 Rxe2+ 41. Kxe2 a6 42. a4 Nde8 43. g4 Bc3 44. g5 Nd6 45. Kf3 Na8 46. a5 Nc7 47. f5 Nf7 48. f6+ Kf8 49. Kf4 1-0

[Event "Early-Titled-Tuesday-Blitz-June-18-2024"]
[Site "Chess.com"]
[Date "2024.06.18"]
[Round "10"]
[White "Javokhir_Sindarov05"]
[Black "Angry_Twin"]
[Result "1-0"]
[WhiteElo "3058"]
[BlackElo "2923"]
[TimeControl "180+1"]
[EndTime "9:58:08 PDT"]
[Termination "Javokhir_Sindarov05 won on time"]

1. e4 c5 2. Nf3 d6 3. d4 cxd4 4.
Nxd4 Nf6 5. Bd3 g6 6. h3 Bg7 7. c4 Nc6 8. Be3 O-O 9. Nc3 Bd7 10.
O-O a6 11. Re1 Qb8 12. Bf1 Rc8 13. Nd5 Nxd5 14. exd5 Na5 15. b3 b5 16. Qd2 Nb7 17. Bh6 Bf6 18. Bg5 bxc4 19. Bxc4 Nc5 20. Bxf6 exf6 21.
Nc6 Bxc6 22. dxc6 Ra7 23. Bd5 a5 24. Re3 Kg7 25. Rae1 Rcc7 26. a3 Qb6 27. Qc3 Nd7 28.
Kh2 Ne5 29. Rc1 g5 30. Qd2 Nxc6 31. Bxc6 Rxc6 32. Rxc6 Qxc6 33. Qd4 Qc5 34. Qd3 Qxa3 35. Rf3 Qc5 36. Rf5 Qc7 37. Qd4 Qe7 38. Rxg5+ Kf8 39. Rh5 Rb7 40. g3 Qe6 41. Rxh7 Kg8 42. Qh4 Kf8 43. Rh8+ Ke7 44. Ra8 Qxb3 45. Qe4+ Kd7 46.
Qe8+ Kc7 47. Qd8+ Kc6 48. Rxa5 Qe6 49. Ra6+ 1-0

[Event "Early-Titled-Tuesday-Blitz-June-18-2024"]
[Site "Chess.com"]
[Date "2024.06.18"]
[Round "10"]
[White "Sam_ChessMood"]
[Black "aeiiuu"]
[Result "1-0"]
[WhiteElo "2951"]
[BlackElo "2643"]
[TimeControl "180+1"]
[EndTime "9:58:09 PDT"]
[Termination "Sam_ChessMood won by resignation"]

1. e4 c5 2. Nf3 e6 3. d4 cxd4 4. Nxd4 a6 5. c4 Qc7 6. Nc3 Nf6 7. a3 Be7 8. Be3 d6 9. Be2 Nbd7 10. Rc1 b6 11.
O-O Bb7 12. f3 O-O 13. Qd2 Rac8 14. Rfd1 Qb8 15. Kh1 Ne5 16. b3 d5 17. exd5 exd5 18. Nf5 Bxa3 19. Bd4 Bxc1 20. Qxc1 Kh8 21. Nxg7 dxc4 22.
Qh6 Nfd7 23. Nh5 Rg8 24. Nf6 Nf8 25. Nxg8 Kxg8 26. f4 Rc6 27. Bxe5 Qxe5 28. Qxc6 Qxe2 29. Qxb7 Qc2 30. Qf3 cxb3 31. Qd3 b5 32. Qxc2 bxc2 33. Rc1 b4 34. Rxc2 bxc3 35. Rxc3 Ne6 36. g3 Nd4 37.
Ra3 Kg7 38. Rxa6 Nf5 39. Kg2 Ne3+ 40. Kf3 Nd5 41. g4 Nb4 42. Ra8 Nc6 43. h4 Nd4+ 44. Ke4 Ne6 45. g5 Nc5+ 46. Kf5 Nb7 47. Ra6 Nc5 48.
Rc6 Nb3 49. Ke5 Nd2 50. f5 Nf3+ 51. Kf4 Nxh4 52. Rc2 h6 53. gxh6+ Kh7 54. Kg4 Nxf5 55. Kxf5 Kxh6 56. Kf6 1-0

[Event "Early-Titled-Tuesday-Blitz-June-18-2024"]
[Site "Chess.com"]
[Date "2024.06.18"]
[Round "10"]
[White "dosto07"]
[Black "Sanyura"]
[Result "1-0"]
[WhiteElo "2625"]
[BlackElo "2528"]
[TimeControl "180+1"]
[EndTime "9:58:09 PDT"]
[Termination "dosto07 won by checkmate"]

1. e4 c5 2. Nf3 e6 3. c3 d5 4. exd5 exd5 5. d4 Bd6 6. Bb5+ Nc6 7. dxc5 Bxc5 8. O-O Ne7 9. Nbd2 O-O 10. Nb3 Bb6 11. Re1 Qd6 12. Be3 Bc7 13. Bc5 Qd8 14. Bxc6 Nxc6 15.
Bxf8 Kxf8 16. Qd3 Kg8 17. Rad1 Be6 18. Nbd4 Qf6 19. Qb5 Nxd4 20. Nxd4 Bb6 21. a4 Bxd4 22. Rxd4 b6 23. Qe2 h6 24. Qe5 Qg6 25. Rd2 Rc8 26.
Qg3 Qf6 27. Rd4 Kh7 28. h3 g5 29. Re3 Qg6 30. Qe5 Qb1+ 31. Kh2 Qg6 32. Rf3 Re8 33. Rf6 Qg7 34. Rd3 Bd7 35. Qd6 Be6 36. Rdf3 Kg8 37. Qc6 Rd8 38. Qc7 Rc8 39. Qxa7 b5 40. axb5 h5 41. Qb7 g4 42. Rxe6 gxf3 43. Qxc8+ Kh7 44. gxf3 fxe6 45. Qxe6 Qg5 46. Qf7+ Kh6 47. b6 Qe5+ 48. f4 Qe2 49. Qf6+ Kh7 50. Qf5+ Kh6 51. Qg5+ Kh7 52. Qg3 Qxb2 53. Qd3+ Kh6 54. Qd4 Kg6 55.
f5+ Kxf5 56. Qxd5+ Kf4 57. Qd4+ Kf3 58. Qe3# 1-0

[Event "Early-Titled-Tuesday-Blitz-June-18-2024"]
[Site "Chess.com"]
[Date "2024.06.18"]
[Round "10"]
[White "Kostukov_Alex"]
[Black "Andrey-Ivanov2011"]
[Result "1-0"]
[WhiteElo "2308"]
[BlackElo "2079"]
[TimeControl "180+1"]
[EndTime "9:58:09 PDT"]
[Termination "Kostukov_Alex won on time"]

1. g3 d5 2. Bg2 c5 3. d3 Nc6 4. e4 e6 5. Qe2 Be7 6. Nf3 Nf6 7. O-O O-O 8. e5 Nd7 9. c4 dxc4 10. dxc4 Qc7 11.
Bf4 b6 12. Nc3 Bb7 13. Nb5 Qc8 14. Rfd1 a6 15. Nd6 Bxd6 16. Rxd6 Rd8 17. Bg5 Re8 18. Rad1 Nf8 19. h4 Ng6 20. h5 Nge7 21. Qd3 Nf5 22.
Rd7 Nb4 23. Qb1 Bc6 24. Rd8 Qb7 25. Rxe8+ Rxe8 26. Ne1 Bxg2 27. Nxg2 h6 28. Bf4 Nd4 29. Be3 Nbc6 30. b4 Nf3+ 31. Kf1 Nxb4 32. a3 Nc6 33. Qe4 Nfxe5 34. Bf4 Ng4 35. Rd6 Rc8 36. Ne3 Nxe3+ 37. Bxe3 Qc7 38. Bf4 Qb7 39. g4 b5 40.
g5 hxg5 41. Bxg5 bxc4 42. h6 Na5 43. h7+ Kh8 44. Qxb7 Nxb7 45. Rd7 Na5 46. Rxf7 Nb3 47. Re7 Kxh7 48. Bf6 Kg6 49. Bxg7 c3 50. Bxc3 Kf5 51.
Ke2 Rc6 52. Kd3 c4+ 53. Kc2 1-0

[Event "Early-Titled-Tuesday-Blitz-June-18-2024"]
[Site "Chess.com"]
[Date "2024.06.18"]
[Round "10"]
[White "CrimeFightingSpider07"]
[Black "EvgenyBurmakin"]
[Result "1/2-1/2"]
[WhiteElo "2532"]
[BlackElo "2407"]
[TimeControl "180+1"]
[EndTime "9:58:10 PDT"]
[Termination "Game drawn by repetition"]

1. d4 f5 2. Nf3 Nf6 3. g3 g6 4.
Bg2 Bg7 5. c4 O-O 6. Nc3 d6 7.
O-O Kh8 8. Re1 c6 9. e4 fxe4 10. Nxe4 Nxe4 11. Rxe4 Bf5 12. Re1 Nd7 13. Bg5 Nf6 14.
Nh4 Qd7 15. Nxf5 Qxf5 16. Be3 Ng4 17. Qe2 e5 18. d5 c5 19. Bh3 h5 20. Rf1 Qe4 21. Bg2 Qf5 22. Rae1 Rae8 23. Bh3 Qf3 24. Qxf3 Rxf3 25. Bg2 Nxe3 26. Bxf3 Nxf1 27. Kxf1 Rf8 28. Be4 Kh7 29. Kg2 Rf7 30. b3 Bh6 31. Rf1 Bd2 32. Bb1 Bc3 33. f4 exf4 34. gxf4 Kh6 35. Rf3 Bd4 36. f5 gxf5 37. Bxf5 Kg5 38. Be6 Rxf3 39.
Kxf3 b6 40. h3 Be5 41. Ke4 Kh4 42. Bf7 Kxh3 43. Bxh5 Kh4 44. Bf7 Kg5 45. Be6 Bd4 46. b4 Be5 47. b5 Bd4 48. Kf3 Be5 49. Bg4 Bd4 50. Bh3 Be5 51. Bc8 Bd4 52. Ke4 Be5 53.
Kd3 Bd4 54. a4 Be5 55. Ke4 Bd4 56.
Kd3 Be5 57. Kc2 Kf4 58. Kb3 Ke3 59. Bb7 Kd3 60. Ba6 Bd4 61. Bb7 Be5 62. Ba6 Bd4 63.
Bb7 Be5 1/2-1/2

[Event "Early-Titled-Tuesday-Blitz-June-18-2024"]
[Site "Chess.com"]
[Date "2024.06.18"]
[Round "10"]
[White "ImportedItalianMaple"]
[Black "harkerchess"]
[Result "1-0"]
[WhiteElo "2524"]
[BlackElo "2383"]
[TimeControl "180+1"]
[EndTime "9:58:11 PDT"]
[Termination "ImportedItalianMaple won by checkmate"]

1. e4 e5 2. Nc3 Nf6 3. Bc4 Nxe4 4. Qh5 Nd6 5. Qxe5+ Qe7 6. Qxe7+ Bxe7 7. Be2 O-O 8.
d4 Nf5 9. Nd5 Bd8 10. c3 c6 11.
Nf4 d5 12. Nf3 Nd7 13. h4 Nf6 14. Ne5 Ne4 15. h5 h6 16. g4 Nfd6 17. Rg1 Ng5 18. Be3 Bc7 19. O-O-O Nde4 20. f3 Nf6 21. Rdf1 Re8 22.
Nfd3 Nd7 23. f4 Ne4 24. Bf3 f6 25. Nxd7 Bxd7 26. Bxe4 Rxe4 27. Kd2 b6 28. g5 hxg5 29. fxg5 f5 30. Bf4 Bxf4+ 31. Rxf4 Rae8 32. Rg2 g6 33. h6 Bc8 34. Rgf2 Kh7 35. Ne5 c5 36. Rxe4 dxe4 37.
Ke3 Be6 38. b3 cxd4+ 39. cxd4 Rc8 40. Rd2 Rc3+ 41. Kf4 Bd5 42. Nd7 Rf3+ 43. Ke5 Bc6 44. Nf8+ Kg8 45. Nxg6 e3 46. Re2 Bb5 47. Re1 e2 48. Ne7+ Kf7 49. g6+ Kxe7 50. h7 Rf1 51. h8=Q Rxe1 52. Qf6+ Kd7 53. Qe6+ Kc7 54. Qe7+ Kc6 55.
Qe8+ Kb7 56. Qxb5 f4 57. g7 f3 58. g8=Q f2 59. Qf7+ Kb8 60. Qbe8# 1-0